 Dungeon Crawl Stone Soup version 0.16-a0-357-g0c033bd (webtiles) character file.

31 PolkaDot the Caller (level 3, -6/24 HPs)
             Began as a Vampire Summoner on Sept 10, 2014.
             Killed from afar by a hobgoblin (12 damage)
             ... with a wand of frost
             ... on Level 2 of the Dungeon.
             The game lasted 00:02:36 (1346 turns).

PolkaDot the Caller (Vampire Summoner)              Turns: 1346, Time: 00:02:36

HP  -6/24        AC  2     Str  7      XL: 3   Next:  7%
MP   6/6         EV 12     Int 18      God:
Gold 47          SH  0     Dex 14      Spells:  2 memorised,  3 levels left

rFire  . . .     SeeInvis +     f - +0 club
rCold  . . .     Clarity  .     a - +0 robe
rNeg   . . .     rCorr    .     (no shield)
rPois  .         rRot     .     (no helmet)
rElec  .         Spirit   .     (no cloak)
SustAb .         Warding  .     (no gloves)
rMut   .         Stasis   .     (no boots)
Gourm  .                        (no amulet)
MR     .....                    (no ring)
                                (no ring)

@: regenerating quickly, not resistant to hostile enchantments, unstealthy
A: fangs 3, see invisible, unbreathing
a: no special abilities


You were on level 2 of the Dungeon.
You were very full.

You visited 1 branch of the dungeon, and saw 2 of its levels.

You collected 47 gold pieces.

Inventory:

Hand weapons
 f - a +0 club (weapon)
Armour
 a - a +0 robe (worn)
Scrolls
 d - 2 scrolls of identify {unknown}
 g - a scroll of immolation {unknown}
 j - a scroll of remove curse {unknown}
 k - a scroll of random uselessness {unknown}
Potions
 c - a potion of haste {unknown}
 e - a potion of curing
 h - a potion of resistance {unknown}
 i - a potion of lignification {unknown}
Books
 b - a book of Callings

   Spells                             Type                      Level
   *Summon Small Mammal               Summoning                    1
   *Call Imp                          Summoning                    2
   Call Canine Familiar               Summoning                    3
   Summon Guardian Golem              Hexes/Summoning              4
   Summon Lightning Spire             Summoning/Air                4
   Summon Ice Beast                   Ice/Summoning                4


   Skills:
 - Level 2.1 Dodging
 - Level 3.0 Stealth
 - Level 2.0 Spellcasting
 * Level 5.0 Summonings


You had 3 spell levels left.
You knew the following spells:

 Your Spells              Type           Power        Failure   Level  Hunger
a - Summon Small Mammal   Summ           ###.         1%          1    #......
s - Call Imp              Summ           ###.....     3%          2    ##.....


Dungeon Overview and Level Annotations

Branches:
Dungeon (2/15)

Altars:
Makhleb
Vehumet


Innate Abilities, Weirdness & Mutations

Your natural rate of healing is unusually fast.
You have razor-sharp teeth.
You have supernaturally acute eyesight.
You can survive without breathing.


Message History

The hobgoblin is almost dead.
The hobgoblin hits you.
You hit the hobgoblin but do no damage.
The hobgoblin is almost dead.
The hobgoblin zaps a wand.
The puff of frost misses you.
You closely miss the hobgoblin.
The hobgoblin is almost dead.
The hobgoblin zaps a wand.
The puff of frost hits you!
* * * LOW HITPOINT WARNING * * *
The hobgoblin hits you.
* * * LOW HITPOINT WARNING * * *
You hit the hobgoblin but do no damage.
The hobgoblin is almost dead.
The hobgoblin hits you with a club.
* * * LOW HITPOINT WARNING * * *
The hobgoblin hits you.
* * * LOW HITPOINT WARNING * * *
The hobgoblin zaps a wand.
The puff of frost hits you!
Ouch! That really hurt!
You die...

#.##.###.#..##### ....
....<...........# .....
#..>.....#...##.# ..#._.
###.###.......#.###......
#. #..#.............#..
#. #..#..###.###.......
#. #..#..# #.##g)......#
#. #.....###.##g# .
#.........@..#
.....######### # #


You could see a hobgoblin.

Vanquished Creatures
  An adder (D:2)
  An ooze (D:2)
  3 hobgoblins
  2 kobolds
  A bat (D:2)
  A giant newt (D:1)
  6 goblins
  8 rats
  3 toadstools (D:1)
26 creatures vanquished.

Vanquished Creatures (collateral kills)
  2 hobgoblins (D:1)
  A bat (D:1)
3 creatures vanquished.

Vanquished Creatures (others)
  2 toadstools (D:1)
2 creatures vanquished.

Grand Total: 31 creatures vanquished

Notes
Turn   | Place    | Note
--------------------------------------------------------------
     0 | D:1      | PolkaDot, the Vampire Summoner, began the quest for the Orb.
     0 | D:1      | Reached XP level 1. HP: 13/13 MP: 3/3
   644 | D:1      | Reached XP level 2. HP: 19/19 MP: 4/4
   906 | D:1      | Learned a level 2 spell: Call Imp
  1176 | D:2      | Reached skill level 5 in Summonings
  1250 | D:2      | Reached XP level 3. HP: 18/24 MP: 6/6
  1272 | D:2      | Found a burning altar of Makhleb.
  1332 | D:2      | Found a radiant altar of Vehumet.
  1346 | D:2      | Killed from afar by a hobgoblin

Action                   || total
-------------------------++-------
Melee: Unarmed           ||    25
       Club              ||    85
 Cast: Summon Small Mamm ||    15
  Use: Potion            ||     2
 Stab: Sleeping          ||     3
  Eat: Corpse            ||     8
